woodfighter, chaotic female human Barbarian ############################## ----# ..|# ------------ -..|# ##...........| |..|# # |.......<..| |..|####+..........| |..|# |..........| | -+---..|# |..........| |G....@a.|# |..........| - -----.|# ------------ |.|# |.-# -.| ..| ....| ...{.| ......| -------- woodfighter the Bandit Experience level: 6 Strength: 17 Dexterity: 18 Constitution: 18 Intelligence: 7 Wisdom: 8 Charisma: 7 Health: 0(76) Energy: 14(14) Def: 3 Gold: 10 Moves: 2298 Dungeon seed: OWVbBqGamaLT5fnG Game ID: woodfighter_1445168687 Your Inventory: Coins $ - 10 gold pieces Weapons a - a rusty +0 battle-axe (weapon in hands) b - a +0 short sword (alternate weapon; not wielded) k - 10 +0 daggers Armor e - an uncursed +0 ring mail (being worn) r - a cursed -2 dwarvish cloak t - a cursed +0 pair of iron shoes w - a cursed -3 dwarvish cloak x - an uncursed +0 pair of iron shoes D - a blessed +0 dwarvish cloak E - an uncursed +0 dwarvish iron helm F - an uncursed +0 pair of iron shoes M - an uncursed +0 dwarvish cloak N - an uncursed +0 dwarvish cloak O - an uncursed +0 pair of iron shoes Y - a blessed +1 dwarvish iron helm Comestibles c - 4 uncursed food rations h - an uncursed fortune cookie i - 2 uncursed lichen corpses u - an uncursed tin of coyote meat B - 2 uncursed cream pies Scrolls J - a blessed scroll of earth Potions G - an uncursed potion of sickness K - a cursed potion of oil Wands d - a wand of slow monster (0:4) L - a wand of enlightenment (0:12) Tools p - 14 uncursed tallow candles (0:200) s - an uncursed sack A - an uncursed magic whistle C - an uncursed wax candle (0:400) I - an uncursed lock pick Gems n - 3 uncursed worthless pieces of black glass q - an uncursed worthless piece of blue glass v - an uncursed worthless piece of red glass y - 2 uncursed worthless pieces of yellowish brown glass z - 2 uncursed worthless pieces of white glass H - an uncursed worthless piece of orange glass Contents of the sack: 178 gold pieces an uncursed spellbook of slow monster an uncursed potion of oil an uncursed potion of sickness an uncursed potion of sleeping Spells and supernatural/magical abilities: Name Level Category Fail Memory W - pray for help -- divine ? -- Your skills at the end: Miscellaneous Skills bare handed combat [Basic] Weapon Skills axe [Skilled] short sword [Basic] Spellcasting Skills Final Attributes: You were piously aligned. You were poison resistant. You are dead. Vanquished creatures: a gnome king a pony 4 gnome lords a little dog 7 dwarves a kobold lord 2 rothes an orc zombie 2 wererats a coyote 2 hobbits a yellow mold 24 gnomes 4 jackals 2 foxes a newt a goblin a sewer rat 5 grid bugs 4 lichens 66 creatures vanquished. Voluntary challenges: You did not adorn yourself with jewelry or accessories. You were an atheist. You used a wielded weapon 82 times, starting on turn 121. You did not apply a unicorn horn. You were illiterate. You never genocided any monsters. You never polymorphed an object. You never changed form. You used no wishes. You never split a pudding. You never wrote Elbereth's name. You never violated your personal moral code. Dungeon overview: The Dungeons of Doom: levels 1 to 3 Level 1 a fountain a long staircase Level 2 a fountain stairs to The Gnomish Mines Level 3 The Gnomish Mines: levels 3 to 6 Level 3 stairs to The Dungeons of Doom Level 4 Level 5 Level 6 <- You were here a fountain History has recorded: On T:1 you entered the Dungeons of Doom to retrieve the Amulet of Yendor! On T:125 you reached level 2 of The Dungeons of Doom. On T:458 you reached level 3 of The Dungeons of Doom. On T:537 you advanced to experience level 2. On T:576 you reached level 1 of The Gnomish Mines. On T:791 you advanced to experience level 3. On T:897 you advanced to experience level 4. On T:1015 you reached level 2 of The Gnomish Mines. On T:1023 you advanced to experience level 5. On T:1498 you reached level 3 of The Gnomish Mines. On T:1694 you advanced to experience level 6. On T:1935 you reached level 4 of The Gnomish Mines. Score breakdown: Gold: 188 ( 18 points) Experience: 6 levels ( 500 points) Exploration: 6 levels ( 150 points) Discoveries: 3 items ( 150 points) Variety of kills: 20 monsters ( 1000 points) Major goal: (nothing yet) ( 0 points) Survival: died (score multiplied by 3) Total score: 5454 Latest messages: You swing your battle-axe in a wide arc. You smite the soldier ant! The soldier ant bites! The soldier ant stings! The soldier ant bites! The soldier ant stings! You die... Final status: Goodbye woodfighter the Barbarian, killed by a soldier ant... You died in The Gnomish Mines on dungeon level 6 with 5454 points, and 188 pieces of gold, after 2298 moves. You were level 6 with a maximum of 76 hit points when you died.